 Dungeon Crawl Stone Soup version 0.32-a0-665-g3d30ec2550 (webtiles) character file.

Game seed: 13810706044175373560

390 shadizar the Digger (level 6, 0/37 HPs)
             Began as a Gargoyle Earth Elementalist on Mar 9, 2024.
             Was an Initiate of Vehumet.
             Slain by a black bear (5 damage)
             ... on level 5 of the Dungeon.
             The game lasted 00:04:14 (3790 turns).

shadizar the Digger (Gargoyle Earth Elementalist)   Turns: 3790, Time: 00:04:16

Health: 0/37       AC:  7    Str: 11    XL:     6   Next: 80%
Magic:  0/9        EV: 11    Int: 18    God:    Vehumet [......]
Gold:   213        SH:  5    Dex: 10    Spells: 6/10 levels left

rFire   . . .        (no weapon)
rCold   . . .        (no shield)
rNeg    + . .        a - +0 robe
rPois   ∞            i - +0 helmet
rElec   +            (no cloak)
rCorr   .            (no gloves)
SInv    .            (no boots)
Will    .....        q - amulet of reflection
Stlth   ++           n - ring of wizardry
HPRegen 0.26/turn    (no ring)
MPRegen 0.11/turn

%: reflection, wizardry (x1)
@: no status effects
A: sickness immunity, AC +4, negative energy resistance 1, electricity
resistance, torment resistance 1, petrification resistance
a: Renounce Religion


You were on level 5 of the Dungeon.
You worshipped Vehumet.
Vehumet was noncommittal.
You visited 1 branch of the dungeon, and saw 5 of its levels.

You collected 213 gold pieces.

Inventory:

Hand Weapons
 v - a +2 spear of pain
Missiles
 d - 24 stones
 p - 2 curare-tipped darts
Armour
 a - a +0 robe (worn)
 e - a +0 leather armour
 i - a +0 helmet (worn)
Jewellery
 n - a ring of wizardry (left hand)
 q - an amulet of reflection (around neck)
Wands
 t - a wand of polymorph (14)
 A - a wand of flame (1)
Scrolls
 f - a scroll of amnesia {unknown}
 g - 3 scrolls of teleportation {unknown}
 j - a scroll of butterflies {unknown}
 k - a scroll of identify {unknown}
 m - a scroll of fear {unknown}
 r - a scroll of vulnerability {unknown}
 s - a scroll of silence {unknown}
 u - a scroll of brand weapon {unknown}
 y - a scroll of enchant weapon {unknown}
Potions
 b - a potion of magic
 c - a potion of heal wounds {unknown}
 h - a potion of might {unknown}
 l - 4 potions of curing {unknown}
 o - a potion of resistance {unknown}
 w - a potion of enlightenment {unknown}
 x - a potion of invisibility {unknown}
 z - a potion of attraction {unknown}


   Skills:
 - Level 3.2 Fighting
 - Level 1.5 Dodging
 - Level 2.1 Stealth
 + Level 2.6 Spellcasting
 - Level 2.0 Conjurations
 + Level 7.3 Earth Magic


You had 6 spell levels left.
You knew the following spells:

 Your Spells              Type           Power      Damage    Failure   Level
a - Sandblast             Erth           56%        2d13      1%          1
b - Stone Arrow           Conj/Erth      38%        3d9       3%          3

Your spell library contained the following spells:

 Spells                   Type           Power      Damage    Failure   Level
 Passwall                 Erth           28%        N/A       1%          3
 Apportation              Tloc           4%         N/A       7%          1
 Brom's Barrelling Bould  Conj/Erth      19%        2d4       10%         4
 Jinxbite                 Hex            4%         N/A       11%         2
 Petrify                  Alch/Erth      15%        N/A       16%         4
 Alistair's Intoxication  Alch           1%         N/A       86%         5


Dungeon Overview and Level Annotations

Branches:
Dungeon (5/15)
 Temple: D:4-7

Altars:
Makhleb
Sif Muna
Vehumet
The Shining One


Innate Abilities, Weirdness & Mutations

You are immune to sickness and miasma.
Your stone body is resilient. (AC +4)
You are immune to poison.
You resist negative energy. (rN+)
You are resistant to electric shocks. (rElec)
You are resistant to unholy torment.
You are immune to petrification.


Message History

Press: ? - help, Shift-Dir - straight line, f/p - black bear
Aim: a black bear (severely wounded, berserk, 77% to hit)
The stone arrow misses the black bear.
Unknown command.
Unknown command.
Unknown command.
Unknown command.
The black bear barely misses you.
The black bear claws you but does no damage.
You block the black bear's attack.
The black bear attacks as it pursues you!
The black bear bites you.
The black bear claws you but does no damage.
The black bear barely misses you. The black bear bites you.
The black bear closely misses you.
The black bear claws you but does no damage.
Casting: Stone Arrow (dangerous; 3% risk of failure)
Confirm with . or Enter, or press ? or * to list all spells.
Aiming: Sandblast (safe; 1% risk of failure)
Press: ? - help, Shift-Dir - straight line, f/p - black bear
Aim: a black bear (severely wounded, berserk, 87% to hit)
The blast of sand misses the black bear.
The black bear barely misses you.
The black bear claws you but does no damage.
The black bear closely misses you. The black bear bites you!
The black bear claws you. x2; You block the black bear's attack.
The black bear claws you.
* * * LOW HITPOINT WARNING * * *
The black bear claws you but does no damage.
Unknown command.
Unknown command.
Unknown command.
The black bear attacks as it pursues you!
The black bear closely misses you. The black bear barely misses you.
The black bear claws you.
* * * LOW HITPOINT WARNING * * *
The black bear bites you.
* * * LOW HITPOINT WARNING * * *
The black bear claws you.
You die...

###.#######........
#..................
#.#.#########...##.
#.#.# #>..# . .#
#.#.# ##### #.#
##.#.# #.# #....#
...###....##
#.#....@..#
#.....h...#
###.......#
####.....##
#........#
#.##.###.# #.###..
.# #.# #.#.# #.#
.#.#


You could see a black bear (berserk).

Vanquished Creatures
  2 scorpions (D:4)
  A crimson imp (D:4)
  A bombardier beetle (D:3)
  Natasha (thrice) (D:3)
  3 gnolls (D:4)
  4 adders
  A dart slug (D:4)
  7 endoplasms
  2 giant cockroaches
  4 goblins
  7 hobgoblins
  9 quokkas
  9 ball pythons
  3 bats
  A frilled lizard (D:3)
  6 kobolds
  5 rats
68 creatures vanquished.

Notes
Turn   | Place    | Note
-------+----------+-------------------------------------------
     0 | D:1      | shadizar the Gargoyle Earth Elementalist began the quest
                  | for the Orb.
     0 | D:1      | Reached XP level 1. HP: 10/10 MP: 3/3
   178 | D:1      | Reached XP level 2. HP: 15/15 MP: 3/5
   339 | D:1      | Reached skill level 4 in Earth Magic
   761 | D:1      | Reached XP level 3. HP: 19/19 MP: 4/6
  2064 | D:3      | Noticed Natasha
  2067 | D:3      | Killed Natasha
  2068 | D:3      | Reached skill level 5 in Earth Magic
  2068 | D:3      | Reached XP level 4. HP: 24/24 MP: 4/7
  2317 | D:3      | Found a shimmering blue altar of Sif Muna.
  2379 | D:3      | Reached skill level 6 in Earth Magic
  2379 | D:3      | Reached XP level 5. HP: 20/28 MP: 5/8
  2515 | D:3      | Learned a level 3 spell: Stone Arrow
  2599 | D:3      | Noticed Natasha
  2621 | D:3      | Killed Natasha
  2622 | D:3      | Reached skill level 1 in Fighting
  2864 | D:3      | Noticed Natasha
  2866 | D:3      | Killed Natasha
  3049 | D:4      | Reached XP level 6. HP: 36/36 MP: 4/9
  3222 | D:4      | Reached skill level 7 in Earth Magic
  3474 | D:4      | Found a glowing golden altar of the Shining One.
  3618 | D:4      | Found a burning altar of Makhleb.
  3619 | D:4      | Found a radiant altar of Vehumet.
  3686 | D:4      | Became a worshipper of Vehumet
  3720 | D:5      | Entered Level 5 of the Dungeon
  3777 | D:5      | Noticed a black bear
  3790 | D:5      | Slain by a black bear

Illustrated notes

Levels and vault maps discovered:
D:1:      amcnicky_arrival_flooded_fountain, layout_basic, minmay_nonomino_d4
D:2:      layout_loops_corners, serial_co_window_serial, co_window_paths_b,
          co_window_of_opportunity_a, co_window_paths_a, co_window_paths_b,
          co_window_of_opportunity_a, co_window_of_opportunity_a,
          co_window_of_opportunity_a, co_window_corner_a,
          co_window_of_opportunity_a, co_window_2corner, co_window_2corner,
          co_window_of_opportunity_c, glass_columns_a, glass_columns_b
D:3:      layout_basic, lemuel_tele_altar, serial_bayou_crossing, uniq_natasha
D:4:      layout_rooms, grunt_temple_overflow_lords_of_destruction,
          mainiacjoe_overflow_chevrons
D:5:      layout_loops_ring, uniq_duvessa, uniq_eustachio

Skill      XL: |  1  2  3  4  5  6 |
---------------+-------------------+-----
Earth Magic    | 4 5 6 7 |  7.3
Conjurations   | 2 |  2.0
Fighting       | 2 3 |  3.2
Dodging        | |  1.5
Stealth        | |  2.1
Spellcasting   | |  2.6

Action                     |  1- 3 |  4- 6 || total
---------------------------+-------+-------++-------
   Cast: Sandblast         |    42 |    47 ||    89
         Stone Arrow       |       |     5 ||     5
 Armour: Robe              |     3 |    27 ||    30
  Dodge: Dodged            |     8 |    15 ||    23
  Block: Other             |       |     5 ||     5

Table legend: (Time is in decaauts)
 A = Elapsed time spent in this place.
 B = Non-inter-level travel time spent in this place.
 C = Inter-level travel time spent in this place.
 D = Time resting spent in this place.
 E = Time spent auto-exploring this place.
 F = Levels seen in this place.
 G = Mean time per level.
                   A        B        C        D        E       F      G
               +--------+--------+--------+--------+--------+-----+--------+
         Total |   3841 |   3741 |    100 |      0 |   3313 |   5 |  768.2 |
       Dungeon |   3841 |   3741 |    100 |      0 |   3313 |   5 |  768.2 |
               +--------+--------+--------+--------+--------+-----+--------+

Top non-repeatable levels by time:
     D:2: 1047 daAuts
     D:1: 1009 daAuts
     D:3: 917 daAuts
     D:4: 795 daAuts
     D:5: 71 daAuts
